Workbook

Sheet Master Order
A1: Order # | B1: Student / Participant | C1: Parent / Guardian | D1: School / Group | E1: Natural Magick: Animals | F1: Natural Magick: Deep Sea Dive | G1: Natural Magick: Into the Forest | H1: Welcome to the Jungle | I1: Down on the Farm | J1: Gone Fishing | K1: Monster Potluck | L1: Dunnville After Dark | M1: Potions and Spells | N1: Dinosaurs on Wheels | O1: Words of Inspiration | P1: Arts & Crafts for Everyone | Q1: Mighty Machines | R1: Sweet Like Candy | S1: Love is Love | T1: A Whimsical Adventure | U1: A Very Merry Holiday | V1: SnowGlobe Trotters | W1: The Human Form | X1: Sounds like a Swear | Y1: Total Standard Books | Z1: Watercolour Collections | AA1: Watercolour + 36-Colour Sets | AB1: 1-Book Purchases | AC1: 3-Book Purchases | AD1: 5-Book Purchases | AE1: Amount Owing | AF1: Paid | AG1: Balance | AH1: Payment Status | AI1: Notes
Y2: =SUM(E2:X2) | AE2: =AB2*10+AC2*25+AD2*35+Z2*15+AA2*35 | AG2: =AE2-AF2 | AH2: =IF(AF2="","",IF(AF2>=AE2,"PAID","PARTIAL"))
Y3: =SUM(E3:X3) | AE3: =AB3*10+AC3*25+AD3*35+Z3*15+AA3*35 | AG3: =AE3-AF3 | AH3: =IF(AF3="","",IF(AF3>=AE3,"PAID","PARTIAL"))
Y4: =SUM(E4:X4) | AE4: =AB4*10+AC4*25+AD4*35+Z4*15+AA4*35 | AG4: =AE4-AF4 | AH4: =IF(AF4="","",IF(AF4>=AE4,"PAID","PARTIAL"))
Y5: =SUM(E5:X5) | AE5: =AB5*10+AC5*25+AD5*35+Z5*15+AA5*35 | AG5: =AE5-AF5 | AH5: =IF(AF5="","",IF(AF5>=AE5,"PAID","PARTIAL"))
Y6: =SUM(E6:X6) | AE6: =AB6*10+AC6*25+AD6*35+Z6*15+AA6*35 | AG6: =AE6-AF6 | AH6: =IF(AF6="","",IF(AF6>=AE6,"PAID","PARTIAL"))
Y7: =SUM(E7:X7) | AE7: =AB7*10+AC7*25+AD7*35+Z7*15+AA7*35 | AG7: =AE7-AF7 | AH7: =IF(AF7="","",IF(AF7>=AE7,"PAID","PARTIAL"))
Y8: =SUM(E8:X8) | AE8: =AB8*10+AC8*25+AD8*35+Z8*15+AA8*35 | AG8: =AE8-AF8 | AH8: =IF(AF8="","",IF(AF8>=AE8,"PAID","PARTIAL"))
Y9: =SUM(E9:X9) | AE9: =AB9*10+AC9*25+AD9*35+Z9*15+AA9*35 | AG9: =AE9-AF9 | AH9: =IF(AF9="","",IF(AF9>=AE9,"PAID","PARTIAL"))
Y10: =SUM(E10:X10) | AE10: =AB10*10+AC10*25+AD10*35+Z10*15+AA10*35 | AG10: =AE10-AF10 | AH10: =IF(AF10="","",IF(AF10>=AE10,"PAID","PARTIAL"))
Y11: =SUM(E11:X11) | AE11: =AB11*10+AC11*25+AD11*35+Z11*15+AA11*35 | AG11: =AE11-AF11 | AH11: =IF(AF11="","",IF(AF11>=AE11,"PAID","PARTIAL"))
Y12: =SUM(E12:X12) | AE12: =AB12*10+AC12*25+AD12*35+Z12*15+AA12*35 | AG12: =AE12-AF12 | AH12: =IF(AF12="","",IF(AF12>=AE12,"PAID","PARTIAL"))
Y13: =SUM(E13:X13) | AE13: =AB13*10+AC13*25+AD13*35+Z13*15+AA13*35 | AG13: =AE13-AF13 | AH13: =IF(AF13="","",IF(AF13>=AE13,"PAID","PARTIAL"))
... Y101: =SUM(E101:X101) | AE101: =AB101*10+AC101*25+AD101*35+Z101*15+AA101*35 | AG101: =AE101-AF101 | AH101: =IF(AF101="","",IF(AF101>=AE101,"PAID","PARTIAL"))

Sheet Setup & Instructions
A1: Creative Barracks Colouring Book Fundraiser
A2: Standard group minimum | B2: 50 standard colouring books
A3: Individual/family minimum | B3: None
A4: Standard pricing | B4: 1 for $10; 3 for $25; 5 for $35
A5: Standard fundraiser profit | B5: $5 / $12 / $15 respectively
A6: Watercolouring Collection | B6: $15; 20 cardstock images in envelope; $7 fundraiser profit; no bulk discount
A7: Watercolour + 36-colour dry palette | B7: $35; $10 fundraiser profit; no bulk discount
A8: Catalogue | B8: 20 titles. Fantasy/Inspiration includes Sweet Like Candy, Love is Love, and A Whimsical Adventure.
A9: Turnaround | B9: Approximately 2 weeks after completed order and payment are received

Sheet Production Totals
A1: Standard Colouring Book | B1: Total Copies
A2: Natural Magick: Animals | B2: =SUM('Master Order'!E2:E101)
A3: Natural Magick: Deep Sea Dive | B3: =SUM('Master Order'!F2:F101)
A4: Natural Magick: Into the Forest | B4: =SUM('Master Order'!G2:G101)
A5: Welcome to the Jungle | B5: =SUM('Master Order'!H2:H101)
A6: Down on the Farm | B6: =SUM('Master Order'!I2:I101)
A7: Gone Fishing | B7: =SUM('Master Order'!J2:J101)
A8: Monster Potluck | B8: =SUM('Master Order'!K2:K101)
A9: Dunnville After Dark | B9: =SUM('Master Order'!L2:L101)
A10: Potions and Spells | B10: =SUM('Master Order'!M2:M101)
A11: Dinosaurs on Wheels | B11: =SUM('Master Order'!N2:N101)
A12: Words of Inspiration | B12: =SUM('Master Order'!O2:O101)
A13: Arts & Crafts for Everyone | B13: =SUM('Master Order'!P2:P101)
A14: Mighty Machines | B14: =SUM('Master Order'!Q2:Q101)
A15: Sweet Like Candy | B15: =SUM('Master Order'!R2:R101)
A16: Love is Love | B16: =SUM('Master Order'!S2:S101)
A17: A Whimsical Adventure | B17: =SUM('Master Order'!T2:T101)
A18: A Very Merry Holiday | B18: =SUM('Master Order'!U2:U101)
A19: SnowGlobe Trotters | B19: =SUM('Master Order'!V2:V101)
A20: The Human Form | B20: =SUM('Master Order'!W2:W101)
A21: Sounds like a Swear | B21: =SUM('Master Order'!X2:X101)

Sheet Premium Totals
A1: Premium Product | B1: Total Quantity
A2: Watercolour Collections | B2: =SUM('Master Order'!Z2:Z101)
A3: Watercolour + 36-Colour Sets | B3: =SUM('Master Order'!AA2:AA101)
